 Dungeon Crawl Stone Soup version 0.12.2-18-gb8c16a5 (webtiles) character file.

1254 Gabry the Shield-Bearer (level 7, -5/60 HPs)
             Began as a Minotaur Fighter on Aug 22, 2013.
             Was an Initiate of Okawaru.
             Slain by an ogre
             ... wielding a +0,+0 giant spiked club
              (10 damage)
             ... on Level 5 of the Dungeon.
             The game lasted 00:27:56 (4970 turns).

Gabry the Shield-Bearer (Minotaur Fighter)          Turns: 4970, Time: 00:27:56

HP  -5/60        AC 10     Str 21 (22) XL: 7   Next: 87%
MP   0/2         EV  5     Int  5      God: Okawaru [......]
Gold 319         SH 21     Dex 11      Spells:  0 memorised,  6 levels left

Res.Fire  : . . .   See Invis. : .   m - +3,+4 dwarf war axe
Res.Cold  : + . .   Warding    : .   s - +2 chain mail
Life Prot.: . . .   Conserve   : .   c - +0 shield
Res.Poison: .       Res.Corr.  : .   (helmet restricted)
Res.Elec. : .       Clarity    : .   (no cloak)
Sust.Abil.: . .     Spirit.Shd : +   (no gloves)
Res.Mut.  : .       Stasis     : .   (no boots)
Res.Rott. : .       Ctrl.Telep.: .   r - amulet of guardian spirit
Saprovore : . . .   Flight     : .   (no ring)
                                     j - ring of protection from cold

@: slightly resistant to hostile enchantments, extremely unstealthy
A: retaliatory headbutt, horns 2, deterioration 1, mutation resistance 1, Str +1
a: Renounce Religion


You were on level 5 of the Dungeon.
You worshipped Okawaru.
Okawaru was noncommittal.
You were not hungry.

You visited 2 branches of the dungeon, and saw 7 of its levels.

You collected 299 gold pieces.

Inventory:

Hand weapons
 a - a +0,+0 mace
 e - a -1,+1 orcish dagger
 m - a +3,+4 dwarven war axe (weapon)
 p - a +1,+2 sling of velocity
 q - a +2,+4 elven vampiric whip
 u - a +1,+5 orcish dagger (quivered)
Armour
 c - a +0 shield (worn)
 n - a +0 splint mail
 s - a +2 chain mail (worn)
Magical devices
 t - a wand of teleportation (4)
Comestibles
 d - a meat ration
 f - 2 bread rations
 g - 11 strawberries
Scrolls
 b - a scroll of magic mapping
 h - a scroll of remove curse
 l - 2 scrolls of curse weapon {unknown}
 v - a scroll of immolation {unknown}
 x - 3 scrolls of noise {unknown}
Jewellery
 j - a ring of protection from cold (left hand)
 r - an amulet of guardian spirit (around neck)
Potions
 i - a potion of poison {unknown}
 o - a potion of magic
Books
 k - a book of Hinderance

   Spells                             Type                      Level
   Confusing Touch                    Hexes                        1
   Slow                               Hexes                        2
   Confuse                            Hexes                        3
   Petrify                            Transmutation/Earth          4
   Leda's Liquefaction                Hexes/Earth                  4
   Metabolic Englaciation             Hexes/Ice                    6
 w - a Grand Grimoire This book is beyond your current level of understanding.

   Spells                             Type                      Level
   Demonic Horde                      Summoning                    6
   Mass Abjuration                    Summoning                    6
   Haunt                              Necromancy/Summoning         7
   Summon Greater Demon               Summoning                    7
   Malign Gateway                     Summoning/Translocation      7
   Summon Horrible Things             Summoning                    8


   Skills:
 + Level 4.9 Fighting
 - Level 4.6 Maces & Flails
 + Level 5.8 Armour
 + Level 4.5 Dodging
 + Level 0.1 Stealth
 + Level 6.7 Shields
 + Level 0.8 Traps
 + Level 0.2 Evocations


You had 6 spell levels left.
You didn't know any spells.

Dungeon Overview and Level Annotations

Branches:
Dungeon (6/27)             Temple (1/1) D:5
    Orc: D:6-11

Altars:
Ashenzari
Cheibriados
Elyvilon
Fedhas
Kikubaaqudgha
Makhleb
Nemelex Xobeh
Okawaru
Sif Muna
Trog
Vehumet
Xom
Yredelemnul
Zin
the Shining One

Shops:
D:4: +?


Innate Abilities, Weirdness & Mutations

You reflexively headbutt those who attack you in melee.
You have a pair of horns on your head.
Your body is slowly deteriorating.
You are somewhat resistant to further mutation.
Your muscles are strong (Str +1).


Message History

The orc hits you.
* * * LOW HITPOINT WARNING * * *
You block the orc's attack.
The water moccasin zombie bites you but does no damage.
The orc hits you but does no damage.
The ogre hits you with a giant spiked club!
* * * LOW HITPOINT WARNING * * *
The water moccasin zombie bites you.
* * * LOW HITPOINT WARNING * * *
The water moccasin zombie bites you but does no damage.
There is a stone staircase leading up here.
You block the ogre's attack. The orc hits you but does no damage.
You block the water moccasin zombie's attack.
You climb upwards.
There is a stone staircase leading down here.
You block the orc's attack.
Drink which item? (? for menu, Esc to quit)
Okay, then.
The ogre hits you with a giant spiked club!
You die...

..# ##......####............#.^##
..## #.....## ##...........##....
...###....## ##........^...#..((.
.....)#..#####...##..####...(...(
###.............####..* ##....##.
# ##..%.........# #..## #....#..
##..#.%..###..## ##..###.......
#...#...## *#..# #...#.<......
###..###.(# *#@## ##..#....##..
#......#.## #oO###..%...#####.
..##......## ##..........# ##
..####.....## #..........# # .##
#......#####.......#..# # ..#
#.ยง####...........##..## #
#.####.## #.......##..##...## ##
#......# #........##.......###.
#......# #........##.>..##...#.


You could see an ogre and an orc.

Vanquished Creatures
  Menkaure (D:5)
  An ogre (D:5)
  A troll zombie (D:5)
  A killer bee zombie (D:5)
  2 hounds (D:5)
  An ogre skeleton (D:5)
  2 crimson imps
  2 scorpions
  3 worker ants (D:4)
  5 orc wizards
  A jelly (D:5)
  6 adders
  An inept feature mimic (D:4)
  3 worms
  3 giant geckos
  3 oozes
  15 orcs
  5 giant cockroaches
  9 hobgoblins
  4 jackals
  14 bats
  6 giant newts
  8 goblins
  A hobgoblin skeleton (D:4)
  12 kobolds
  A quokka (D:2)
  10 rats
  2 plants (D:4)
123 creatures vanquished.

Vanquished Creatures (others)
  A goblin (D:5)
1 creature vanquished.

Grand Total: 124 creatures vanquished

Notes
Turn   | Place    | Note
--------------------------------------------------------------
     0 | D:1      | Gabry, the Minotaur Fighter, began the quest for the Orb.
     0 | D:1      | Reached XP level 1. HP: 19/19 MP: 0/0
   148 | D:1      | Reached XP level 2. HP: 8/26 MP: 0/0
   324 | D:1      | Reached skill level 4 in Fighting
   653 | D:2      | Found a sparkling altar of Nemelex Xobeh.
   755 | D:2      | Reached XP level 3. HP: 33/33 MP: 1/1
  1154 | D:2      | Reached skill level 1 in Dodging
  1332 | D:2      | Reached XP level 4. HP: 36/40 MP: 1/1
  1997 | D:3      | Reached skill level 5 in Shields
  2060 | D:3      | Reached XP level 5. HP: 46/46 MP: 1/1
  2619 | D:4      | Found Ysuuh's Book Boutique.
  2668 | D:4      | Gained mutation: Your muscles are strong (Str +1). [potion of mutation]
  2668 | D:4      | Gained mutation: You are somewhat resistant to further mutation. [potion of mutation]
  2668 | D:4      | Gained mutation: Your body is slowly deteriorating. [potion of mutation]
  2801 | D:4      | Found Iziasch's Magic Scroll Emporium.
  2845 | D:4      | Reached XP level 6. HP: 38/53 MP: 0/2
  3376 | D:4      | Paralysed by a potion of paralysis for 2 turns
  3435 | D:5      | Entered Level 5 of the Dungeon
  3459 | D:5      | Reached skill level 5 in Armour
  3509 | D:5      | Reached XP level 7. HP: 60/60 MP: 2/2
  3558 | D:5      | Reached skill level 6 in Shields
  3657 | D:5      | Noticed Menkaure
  3676 | D:5      | Killed Menkaure
  4523 | D:5      | Found a staircase to the Ecumenical Temple.
  4757 | Temple   | Entered the Ecumenical Temple
  4801 | Temple   | Became a worshipper of Warmaster Okawaru
  4955 | D:6      | HP: 2/60 [water moccasin zombie (2)]
  4970 | D:5      | Slain by an ogre

Action                   |  1- 3 |  4- 6 |  7- 9 || total
-------------------------+-------+-------+-------++-------
Melee: Mace              |    55 |       |       ||    55
       Whip              |    48 |   338 |    85 ||   471
       War axe           |       |       |     5 ||     5
Evoke: Wand              |       |       |     3 ||     3
  Use: Scroll            |       |     3 |    12 ||    15
       Potion            |       |    11 |     1 ||    12
